 Dungeon Crawl Stone Soup version 0.30-a0-989-g0d87f670db (webtiles) character file.

Game seed: 18349838874231678006

46 jtron the Ducker (level 3, -1/24 HPs)
             Began as a Demonspawn Wanderer on Apr 3, 2023.
             Succumbed to a kobold's poison
             ... on level 3 of the Dungeon.
             The game lasted 00:04:31 (1836 turns).

jtron the Ducker (Demonspawn Wanderer)              Turns: 1836, Time: 00:04:32

Health: -1/24      AC:  6    Str: 10    XL:     3   Next: 46%
Magic:  6/6        EV: 12    Int: 16    God:
Gold:   76         SH:  0    Dex: 13    Spells: 5/6 levels left

rFire   . . .      SeeInvis .    a - +0 dagger
rCold   . . .      Faith    .    (no shield)
rNeg    . . .      Spirit   .    d - +1 robe
rPois   .          Reflect  .    (no helmet)
rElec   .          Rampage  .    (no cloak)
rCorr   .                        e - +2 pair of gloves
Will    .....                    (no boots)
Stlth   ++                       (no amulet)
HPRegen 0.24/turn                (no ring)
MPRegen 0.20/turn                (no ring)

@: lethally poisoned (-1 -> -12)
A: magic regeneration
a: no special abilities


You were on level 3 of the Dungeon.
You visited 1 branch of the dungeon, and saw 3 of its levels.

You collected 76 gold pieces.

Inventory:

Hand Weapons
 a - a +0 dagger (weapon)
Missiles
 b - 17 poisoned darts
 i - 2 throwing nets
 j - 14 stones (quivered)
Armour
 d - a +1 robe (worn)
 e - a +2 pair of gloves (worn)
Scrolls
 c - a scroll of silence
 g - a scroll of noise {unknown}
 k - 2 scrolls of fear {unknown}
 m - 2 scrolls of identify {unknown}
 n - a scroll of vulnerability {unknown}
Potions
 f - a potion of brilliance {unknown}
 h - a potion of curing {unknown}
 l - 2 potions of lignification {unknown}


   Skills:
 + Level 0.1 Short Blades
 + Level 2.1 Throwing
 + Level 2.2 Dodging
 + Level 1.4 Stealth
 + Level 2.2 Spellcasting
 + Level 1.2 Conjurations
 + Level 1.1 Air Magic
 + Level 1.9 Earth Magic


You had 5 spell levels left.
You knew the following spells:

 Your Spells              Type           Power      Damage    Failure   Level
a - Shock                 Conj/Air       20%        1d4       12%         1

Your spell library contained the following spells:

 Spells                   Type           Power      Damage    Failure   Level
 Sandblast                Erth           14%        2d6       10%         1
 Vhi's Electric Charge    Tloc/Air       6%         N/A       43%         3
 Animate Armour           Summ/Erth      8%         N/A       80%         4
 Petrify                  Tmut/Erth      4%         N/A       80%         4


Dungeon Overview and Level Annotations

Branches:
Dungeon (3/15)

Altars:
Fedhas

Shops:
D:2 !(([(


Innate Abilities, Weirdness & Mutations

You regenerate magic rapidly.


Message History

The kobold is severely wounded.
The kobold barely misses you.
You closely miss the kobold.
The kobold is severely wounded.
The kobold misses you.
You closely miss the kobold.
The kobold is severely wounded.
The kobold barely misses you.
You hit the kobold but do no damage.
The kobold is severely wounded.
The kobold misses you.
You hit the kobold.
You kill the kobold!
You barely miss the kobold. The kobold closely misses you.
You hit the kobold but do no damage. The kobold hits you but does no damage.
You are poisoned.
You hit the kobold but do no damage.
You feel very sick. The kobold hits you but does no damage.
You are more poisoned.
Casting: Shock (safe; 12% risk of failure)
Confirm with . or Enter, or press ? or * to list all spells.
Aiming: Shock (safe; 12% risk of failure)
Press: ? - help, Shift-Dir - straight line, f - kobold
Aim: a kobold, wielding a +0 short sword of venom and quivering stones (55% to hit)
The zap misses the kobold.
You feel very sick.
The kobold hits you with a +0 short sword of venom.
You hit the kobold but do no damage.
You feel very sick.
The kobold hits you with a +0 short sword of venom.
You are more poisoned.
You hit the kobold.
You kill the kobold!
* * * LOW HITPOINT WARNING * * *
You feel very sick.
* * * LOW HITPOINT WARNING * * *
You feel very sick.
Items here: ( )) ††.
You die...

#.#.#...#.#####...........
_..#...# # #..#.#####. #.#
##### #..#.# #. #.##.#
#####.##.# ......#.#
#.###.#.# ###.###.#.#
#..@)....!# #.#.###.### ..
#.# #.# ## ..# #.# .###
#.# #. #.# # #.# #.#


There were no monsters in sight!

Vanquished Creatures
  An adder (D:1)
  A dart slug (D:1)
  4 ball pythons
  5 bats
  3 endoplasms
  A giant cockroach (D:1)
  3 hobgoblins
  4 kobolds
  4 frilled lizards
  5 goblins
  5 rats
36 creatures vanquished.

Notes
Turn   | Place    | Note
-------+----------+-------------------------------------------
     0 | D:1      | jtron the Demonspawn Wanderer began the quest for the Orb.
     0 | D:1      | jtron set off with the following items: a +0 dagger, 11
                  | poisoned darts, a scroll of silence, a +0 robe; and the
                  | following spells available to memorise: Sandblast, Shock,
                  | Vhi's Electric Charge, Animate Armour, Petrify.
     0 | D:1      | Reached XP level 1. HP: 13/13 MP: 3/3
     2 | D:1      | Learned a level 1 spell: Shock
   306 | D:1      | Gained mutation: You regenerate magic rapidly. [demonic
                  | ancestry]
   306 | D:1      | Reached XP level 2. HP: 16/19 MP: 3/5
  1220 | D:1      | Reached skill level 1 in Conjurations
  1220 | D:1      | Reached XP level 3. HP: 8/24 MP: 6/6
  1291 | D:2      | Found Jofeti's Distillery.
  1412 | D:2      | Found Unia's Armour Shoppe.
  1455 | D:2      | Found Guri's Weapon Emporium.
  1478 | D:2      | Found Tiod's Weapon Emporium.
  1563 | D:2      | Found Qoveuzy's Weapon Shoppe.
  1786 | D:3      | Found a blossoming altar of Fedhas.
  1835 | D:3      | HP: 1/24 [poisoned by a kobold]
  1836 | D:3      | Succumbed to a kobold's poison

Illustrated notes

Levels and vault maps discovered:
D:1:      evilmike_arrival_rings, layout_basic
D:2:      layout_rooms, serial_shops, shop, shop_fountains,
          nicolae_shop_window_shopping, nicolae_shop_bloodbath_and_beyond, shop
D:3:      layout_loops_ring, mainiacjoe_overflow_alcove_4, lemuel_crystal_altar,
          uniq_ijyb

Skill      XL: |  1  2 |
---------------+-------+-----
Dodging        | 2 |  2.2
Throwing       | 2 |  2.1
Conjurations   | 1 |  1.2
Short Blades   | |  0.1
Stealth        | |  1.4
Spellcasting   | |  2.2
Air Magic      | |  1.1
Earth Magic    | |  1.9

Action                     || total
---------------------------++-------
  Melee: Dagger            ||   110
         Punch             ||     1
  Throw: Dart              ||     1
   Cast: Shock             ||    21
    Use: Potion            ||     1
         Scroll            ||     1
   Stab: Sleeping          ||     4
 Armour: Robe              ||    38
  Dodge: Dodged            ||    73

Table legend: (Time is in decaauts)
 A = Elapsed time spent in this place.
 B = Non-inter-level travel time spent in this place.
 C = Inter-level travel time spent in this place.
 D = Time resting spent in this place.
 E = Time spent auto-exploring this place.
 F = Levels seen in this place.
 G = Mean time per level.
                   A        B        C        D        E       F      G
               +--------+--------+--------+--------+--------+-----+--------+
         Total |   1836 |   1712 |    124 |     67 |   1321 |   3 |  612.0 |
       Dungeon |   1836 |   1712 |    124 |     67 |   1321 |   3 |  612.0 |
               +--------+--------+--------+--------+--------+-----+--------+

Top non-repeatable levels by time:
     D:1: 1254 daAuts
     D:2: 525 daAuts
     D:3: 56 daAuts
